 Dungeon Crawl Stone Soup version bcrawl-1.13 (webtiles) character file.

Game seed: 4801292974550358851

16 Camlann the Sneak (level 2, 0/23 HPs)
             Began as a Demonspawn Archaeologist on July 28, 2019.
             Slain by Terence
             ... wielding a +1 flail of holy wrath
              (5 damage)
             ... on level 2 of the Dungeon.
             The game lasted 00:01:08 (813 turns).

Camlann the Sneak (Demonspawn Archaeologist)         Turns: 813, Time: 00:01:09

Health: 0/23       AC:  6    Str: 11    XL:     2   Next: 37%
Magic:  2/2        EV: 12    Int: 15    God:
Gold:   0          SH:  0    Dex: 11    Spells: 1/1 levels left

rFire    . . .     SeeInvis .   a - +0 whip
rCold    + . .     Gourm    .   (no shield)
rNeg     . . .     Faith    .   k - +0 leather armour (curse)
rPois    .         Spirit   .   c - +1 hat
rElec    .         Reflect  .   (no cloak)
rCorr    .         Harm     .   (no gloves)
MR       .....                  d - +1 pair of boots
Stlth    ++........             (no amulet)
HPRegen  0.07/turn              (no ring)
MPRegen  0.08/turn              (no ring)

@: no status effects
A: cold resistance 1
a: no special abilities


You were on level 2 of the Dungeon.
You were not hungry.

You visited 1 branch of the dungeon, and saw 2 of its levels.


Innate Abilities, Weirdness & Mutations

Your flesh is cold resistant. (rC+)


   Skills:
 + Level 2.4 Fighting
 - Level 0.8 Maces & Flails
 - Level 2.6 Dodging
 - Level 3.0 Stealth


You had one spell level left.
You didn't know any spells.
Your spell library was empty.

Dungeon Overview and Level Annotations

Branches:
Dungeon (2/12)

Altars:

Annotations:
D:2 Terence

Inventory:

Hand Weapons
 a - a +0 whip (weapon)
Armour
 c - a +1 hat (worn)
 d - a +1 pair of boots (worn)
 k - a cursed +0 leather armour (worn)
   (You found it on level 1 of the Dungeon)
Scrolls
 i - 3 scrolls of identify {unknown}
 l - a scroll of enchant armour {unknown}
 m - a scroll of fog {unknown}
Potions
 b - a potion of mutation {unknown}
 h - a potion of degeneration {unknown}
 j - 2 potions of curing {unknown}
Miscellaneous
 e - a dusty tome
 f - an ancient crate
Comestibles
 g - 4 rations {!d}

######
###+#6...#
#...@....#
#........#.#
#...b......#
#.............
#........(....
#........#.#.#
...[.......%#
#
######..##.#..


You could see Terence and a bat.


Message History

You barely miss the goblin.
The goblin is moderately wounded.
The goblin closely misses you.
You barely miss the goblin.
The goblin is moderately wounded.
The goblin closely misses you.
You hit the goblin.
You kill the goblin!
No target in view!
No target in view!
No target in view!
No target in view!
No target in view!
No target in view!
No target in view!
No target in view!
No target in view!
No target in view!
No target in view!
No target in view!
There is a stone staircase leading down here.
Done exploring.
Done exploring.
(D) Dungeon
Where to? (? - help)
There is a stone staircase leading down here.
You climb downwards.
A bat and Terence come into view.
Terence is wielding a +1 flail of holy wrath.
Found 106 tomahawks, a robe and a ration.
There is a stone staircase leading up here.
The bat barely misses you. The bat closely misses you.
The bat barely misses you.
You miss the bat. The bat hits you but does no damage.
The bat closely misses you.
You hit Terence.
Terence is lightly wounded.
The bat hits you but does no damage. Terence misses you.
You closely miss Terence.
Terence is lightly wounded.
The bat barely misses you. x2
Terence hits you with a +1 flail of holy wrath.
You convulse.
You barely miss Terence.
Terence is lightly wounded.
The bat hits you but does no damage.
You hit Terence but do no damage.
Terence is lightly wounded.
The bat misses you. Terence hits you but does no damage.
All of the chunks of flesh in your inventory have rotted away.
You hit Terence.
Terence is moderately wounded.
The bat hits you but does no damage.
Terence hits you with a +1 flail of holy wrath.
You convulse.
* * * LOW HITPOINT WARNING * * *
You barely miss Terence.
Terence is moderately wounded.
The bat barely misses you.
Terence hits you with a +1 flail of holy wrath.
* * * LOW HITPOINT WARNING * * *
You convulse.
* * * LOW HITPOINT WARNING * * *
The bat misses you. Terence closely misses you. The bat misses you.
There is a stone staircase leading up here.
The bat hits you but does no damage.
Terence hits you with a +1 flail of holy wrath.
You die...

Action                   || total
-------------------------++-------
Melee: Whip              ||    77
 Stab: Sleeping          ||     2
Armor: Robe              ||    17
       Leather armour    ||    13
Dodge: Dodged            ||    66

Levels and vault maps discovered:
D:1:      nicolae_arrival_kraken_aquarium_b, layout_basic, minmay_cupped
D:2:      layout_basic, uniq_terence, uniq_jessica

Notes
Turn   | Place    | Note
-------+----------+-------------------------------------------
     0 | D:1      | Camlann the Demonspawn Archaeologist began the quest for
                  | the Orb.
     0 | D:1      | Reached XP level 1. HP: 15/15 MP: 1/1
     2 | D:1      | Noticed a minotaur
     2 | D:1      | Noticed a dwarf
     2 | D:1      | Noticed a dwarf
     2 | D:1      | Noticed an elf
     2 | D:1      | Noticed a dwarf
     2 | D:1      | Noticed an ogre
     2 | D:1      | Noticed a centaur
     2 | D:1      | Noticed an octopode
     2 | D:1      | Noticed a vampire
     2 | D:1      | Noticed a kraken
     2 | D:1      | Noticed an ogre
     2 | D:1      | Noticed a vine stalker
     5 | D:1      | Killed a dwarf
     6 | D:1      | Killed an elf
     7 | D:1      | Killed a minotaur
     8 | D:1      | Killed a centaur
     8 | D:1      | Killed a vampire
     9 | D:1      | Killed a dwarf
    10 | D:1      | Killed an octopode
    14 | D:1      | Killed an ogre
    14 | D:1      | Killed a dwarf
    15 | D:1      | Killed a vine stalker
    16 | D:1      | Killed an ogre
   275 | D:1      | Reached skill level 2 in Fighting
   305 | D:1      | Gained mutation: Your flesh is cold resistant. (rC+)
                  | [demonic ancestry]
   305 | D:1      | Reached XP level 2. HP: 19/22 MP: 2/2
   798 | D:2      | Noticed Terence
   809 | D:2      | HP: 5/23 [Terence/+1 flail of holy wrath (1)]
   813 | D:2      | Slain by Terence

Vanquished Creatures
  A giant cockroach (D:1)
  A goblin (D:1)
  3 hobgoblins (D:1)
  A quokka (D:1)
  2 ball pythons (D:1)
  3 bats (D:1)
  A kobold (D:1)
  3 rats (D:1)
15 creatures vanquished.

Vanquished Creatures (others)
  A minotaur (D:1)
  An octopode (D:1)
  A vine stalker (D:1)
  An elf (D:1)
  A vampire (D:1)
  3 dwarves (D:1)
  2 ogres (D:1)
  A centaur (D:1)
  2 orcs (D:1)
  2 kobolds (D:1)
  5 tentacles (D:1)
20 creatures vanquished.

Grand Total: 35 creatures vanquished
